 Dungeon Crawl Stone Soup version 0.32-a0-136-gc02482bde3 (webtiles) character file.

Game seed: 10619392243332906240

17843 jasper the Spear-Bearer (level 12, -4/75 HPs)
             Began as a Gargoyle Earth Elementalist on Feb 10, 2024.
             Was an Elder of Vehumet.
             Slain by a polar bear (18 damage)
             ... on level 1 of the Lair of Beasts.
             The game lasted 00:21:27 (12970 turns).

jasper the Spear-Bearer (GrEE)                     Turns: 12970, Time: 00:21:27

Health: -4/75      AC: 21    Str: 12    XL:     12   Next: 52%
Magic:  1/15       EV: 10    Int: 26    God:    Vehumet [****..]
Gold:   801        SH: 10    Dex: 10    Spells: 4/15 levels left

rFire   + . .        C - +12 demon trident of Onwom {vamp, Int+5}
rCold   + . .        B - +0 buckler
rNeg    + . .        Q - +0 acid dragon scales
rPois   ∞            k - +0 helmet
rElec   +            y - +0 cloak
rCorr   +            f - +2 pair of gloves
SInv    .            h - +1 pair of boots
Will    .....        q - amulet of reflection
Stlth   +            e - ring of protection from fire
HPRegen 0.32/turn    i - ring of protection from cold
MPRegen 0.14/turn

%: reflection
@: about to teleport, liquefying, studying Fighting, slowed movement, very slow
A: sickness immunity, AC +8, negative energy resistance 1, electricity
resistance, torment resistance 1, petrification resistance
a: Renounce Religion


You were on level 1 of the Lair of Beasts.
You worshipped Vehumet.
Vehumet was greatly pleased with you.
You visited 2 branches of the dungeon, and saw 11 of its levels.
You also visited: Bailey.

You collected 801 gold pieces.

Inventory:

Hand Weapons
 c - a +0 dagger
 o - a +0 flail of venom
 C - the +12 demon trident of Onwom (weapon) {vamp, Int+5}
   (You acquired it on level 8 of the Dungeon)

   Int+5:     It affects your intelligence (+5).
Missiles
 d - 94 stones
 m - 4 boomerangs
 H - a curare-tipped dart
Armour
 a - a +0 robe
 f - a +2 pair of gloves (worn)
 h - a +1 pair of boots (worn)
 k - a +0 helmet (worn)
 w - a +0 leather armour
 y - a +0 cloak (worn)
 B - a +0 buckler (worn)
 Q - +0 acid dragon scales (worn)
Jewellery
 e - a ring of protection from fire (left hand)
 i - a ring of protection from cold (right hand)
 q - an amulet of reflection (around neck)
 J - an amulet of faith
 M - a ring of see invisible
 N - a ring of ice
Wands
 r - a wand of flame (21)
 D - a wand of polymorph (3)
 E - a wand of acid (7)
 F - a wand of iceblast (4)
 I - a wand of digging (9)
 L - a wand of charming (6)
Scrolls
 l - a scroll of immolation
 t - 2 scrolls of teleportation
 R - 2 scrolls of summoning
 S - a scroll of fog
 T - 2 scrolls of fear
Potions
 b - a potion of magic
 g - a potion of resistance
 j - 5 potions of mutation
 n - 3 potions of might
 p - 2 potions of berserk rage
 s - 4 potions of brilliance
 v - 3 potions of curing
 x - 3 potions of degeneration
 z - 2 potions of cancellation {unknown}
 A - 2 potions of attraction {unknown}
Miscellaneous
 O - a lightning rod (3/4)
 P - a phial of floods


   Skills:
 - Level 8.9 Fighting
 - Level 3.9 Maces & Flails
 * Level 13.1 Polearms
 - Level 1.5 Dodging
 - Level 2.1 Stealth
 - Level 5.4 Shields
 - Level 2.0 Spellcasting
 - Level 1.1 Conjurations
 - Level 10.0 Earth Magic
 - Level 5.0 Alchemy


You had 4 spell levels left.
You knew the following spells:

 Your Spells              Type           Power      Damage    Failure   Level
a - Sandblast             Erth           100%       2d20      1%          1
b - Passwall              Erth           53%        N/A       1%          3
c - Stone Arrow           Conj/Erth      62%        3d10      1%          3
d - Leda's Liquefaction   Alch/Erth      20%        N/A       10%         4

Your spell library contained the following spells:

 Spells                   Type           Power      Damage    Failure   Level
 Eringya's Noxious Bog    Alch           14%        4d6       67%         6
 Brom's Barrelling Bould  Conj/Erth      31%        2d5       6%          4
 Petrify                  Alch/Erth      41%        N/A       10%         4
 Frozen Ramparts          Ice            4%         1d1       17%         3
 Necrotise                Necr           8%         1d4       22%         1
 Call Canine Familiar     Summ           2%         N/A       54%         3
 Sigil of Binding         Hex            2%         N/A       54%         3
 Vampiric Draining        Necr           2%         2d6       54%         3
 Dimensional Bullseye     Hex/Tloc       1%         N/A       91%         4
 Martyr's Knell           Necr/Summ      2%         N/A       91%         4
 Curse of Agony           Necr           2%         N/A       99%         5
 Metabolic Englaciation   Hex/Ice        1%         N/A       99%         5


Dungeon Overview and Level Annotations

Branches:
Dungeon (11/15)              Lair (1/5) D:11            Orc (0/2) D:9
 Bailey (visited)
 Temple: D:4-7

Altars:
Ashenzari
Elyvilon
Nemelex Xobeh
Okawaru
Ru
Trog
Vehumet
Wu Jian
Zin

Annotations:
D:11 exclusion: obsidian statue


Innate Abilities, Weirdness & Mutations

You are immune to sickness and miasma.
Your stone body is resilient. (AC +8)
You are immune to poison.
You resist negative energy. (rN+)
You are resistant to electric shocks. (rElec)
You are resistant to unholy torment.
You are immune to petrification.


Message History

The polar bear is almost dead.
You hear an angry hiss.
The polar bear becomes momentarily stuck in the liquid earth.
The polar bear barely misses you. The polar bear closely misses you.
The ice dragon bites you but does no damage.
The ice dragon claws you but does no damage.
The ice dragon tramples you.
You hold your ground!
The polar bear bites you!
* * * LOW HITPOINT WARNING * * *
The polar bear barely misses you.
The polar bear claws you but does no damage.
You take 17 damage, and have 12/75 hp.
MASSIVE DAMAGE!!
You feel much better. You block the polar bear's attack.
The polar bear claws you but does no damage.
The polar bear becomes momentarily stuck in the liquid earth.
You block the ice dragon's attack. The ice dragon claws you.
The ice dragon tramples you.
You hold your ground!
The polar bear bites you.
* * * LOW HITPOINT WARNING * * *
The polar bear claws you but does no damage.
The polar bear becomes momentarily stuck in the liquid earth.
You regained 10 hp, and now have 22/75 hp.
You feel much better. You block the ice dragon's attack.
The ice dragon closely misses you. The ice dragon tramples you.
You hold your ground!
The polar bear becomes momentarily stuck in the liquid earth.
The polar bear barely misses you.
The polar bear claws you but does no damage.
You regained 15 hp, and now have 37/75 hp.
As you read the scroll of fear, it crumbles to dust.
You assume a fearsome visage.
The ice dragon looks frightened!
The polar bear is unaffected.
You block the polar bear's attack.
The polar bear becomes momentarily stuck in the liquid earth.
The polar bear claws you. The polar bear bites you!
* * * LOW HITPOINT WARNING * * *
The polar bear claws you but does no damage.
The polar bear claws you.
* * * LOW HITPOINT WARNING * * *
You take 23 damage, and have 14/75 hp.
MASSIVE DAMAGE!!
As you read the scroll of teleportation, it crumbles to dust.
You feel strangely unstable. The polar bear bites you!!
You die...

#........###.##.#
###...#### ####..
##....# #P.#
##....## ##.#
##...P.## ##..
#.D###..#### #P.#
##..# #.....#
##.. #Zh.#
####..# #.#
#..#@# ##.# ###
~~..#### #..# #
.≈~~..
###.########
[.D~~..
#...#......#
..Z~~..
#..#..###.##
..h~~..
#..##.#.....
.~~~~##
#.###...#..#
##.###.....##
#..##.......#


You could see an ice dragon (fleeing), a polar bear (berserk, struggling) and a
troll simulacrum (struggling).

Vanquished Creatures
  2 two-headed ogres
  A manticore (D:8)
  An ugly thing (D:11)
  An elephant (D:11)
  Joseph (Lair:1)
  4 centaur zombies (D:11)
  A cane toad (D:11)
  A rime drake (Lair:1)
  A kobold demonologist (D:9)
  A troll (D:9)
  A polar bear (Lair:1)
  2 hornets
  4 blink frogs (Lair:1)
  A vampire (D:11)
  A shadow (D:11)
  14 yaks
  2 wraiths (D:11)
  5 wyverns
  5 basilisks
  3 steam dragons
  3 vampire mosquitoes (D:7)
  2 acid dragons
  4 water moccasins
  22 orc warriors
  2 sky beasts (D:7)
  A black bear (D:7)
  2 ogres
  14 centaurs
  2 kobold brigands
  2 bullfrogs
  A gnoll sergeant (D:7)
  2 scorpions (D:5)
  11 wights
  7 killer bees
  A howler monkey (D:9)
  2 bombardier beetles
  A hound (D:5)
  Crazy Yiuf (D:7)
  13 orc priests
  2 jellies
  A gnoll bouda (D:9)
  4 iguanas
  7 orc wizards
  13 gnolls
  6 adders
  2 shadow imps
  3 dart slugs
  A ribbon worm (D:2)
  70 orcs
  3 ball pythons
  4 endoplasms
  3 giant cockroaches
  6 goblins
  9 hobgoblins
  15 kobolds
  3 quokkas
  6 bats
  3 frilled lizards
  7 rats
  A butterfly (D:11)
314 creatures vanquished.

Vanquished Creatures (others)
  2 orc wizards
2 creatures vanquished.

Grand Total: 316 creatures vanquished

Notes
Turn   | Place    | Note
-------+----------+-------------------------------------------
     0 | D:1      | jasper the Gargoyle Earth Elementalist began the quest for
                  | the Orb.
     0 | D:1      | Reached XP level 1. HP: 10/10 MP: 3/3
   214 | D:1      | Reached XP level 2. HP: 15/16 MP: 3/5
   219 | D:1      | Reached skill level 1 in Fighting
   778 | D:1      | Reached XP level 3. HP: 20/20 MP: 4/6
   782 | D:1      | Learned a level 3 spell: Passwall
  1402 | D:2      | Found a radiant altar of Vehumet.
  1423 | D:2      | Became a worshipper of Vehumet
  1429 | D:2      | Reached skill level 5 in Earth Magic
  1978 | D:3      | Reached XP level 4. HP: 26/26 MP: 5/7
  2191 | D:3      | Reached XP level 5. HP: 6/31 MP: 3/8
  2674 | D:3      | Found a faded altar of an unknown god.
  2809 | D:4      | Found a broken altar of Ashenzari.
  2841 | D:4      | Found a white marble altar of Elyvilon.
  2841 | D:4      | Noticed an ogre
  2845 | D:4      | Killed an ogre
  2846 | D:4      | Reached XP level 6. HP: 37/37 MP: 5/9
  2853 | D:4      | Learned a level 3 spell: Stone Arrow
  3058 | D:4      | Reached * piety under Vehumet
  3058 | D:4      | Offered knowledge of Shock by Vehumet.
  3649 | D:5      | Entered Level 5 of the Dungeon
  3835 | D:5      | Found a glowing silver altar of Zin.
  3863 | D:5      | Found a radiant altar of Vehumet.
  3868 | D:5      | Reached XP level 7. HP: 43/43 MP: 7/10
  3925 | D:5      | Found an ornate altar of the Wu Jian Council.
  3983 | D:5      | You fall into a shaft and drop 2 floors!
  4349 | D:7      | Noticed a vampire mosquito
  4357 | D:7      | Killed a vampire mosquito
  4358 | D:7      | Reached skill level 5 in Fighting
  4396 | D:7      | Noticed a vampire mosquito
  4397 | D:7      | Noticed a vampire mosquito
  4399 | D:7      | Killed a vampire mosquito
  4400 | D:7      | Reached XP level 8. HP: 40/50 MP: 11/11
  4407 | D:7      | Learned a level 4 spell: Leda's Liquefaction
  4496 | D:7      | Reached skill level 10 in Earth Magic
  4630 | D:7      | Noticed a wyvern
  4639 | D:7      | Killed a wyvern
  4640 | D:7      | Reached skill level 1 in Alchemy
  4724 | D:7      | Found a runed translucent door.
  4725 | D:7      | Noticed Crazy Yiuf
  4729 | D:7      | Killed Crazy Yiuf
  4822 | D:7      | Reached ** piety under Vehumet
  4848 | D:7      | Offered knowledge of Foxfire by Vehumet.
  4853 | D:7      | Reached XP level 9. HP: 36/57 MP: 6/12
  5583 | D:7      | Reached skill level 5 in Alchemy
  5704 | D:8      | Reached skill level 1 in Shields
  5727 | D:8      | Reached skill level 5 in Shields
  5828 | D:8      | Noticed a manticore
  5831 | D:8      | Killed a manticore
  5847 | D:8      | Offered knowledge of Hailstorm by Vehumet.
  5852 | D:8      | Reached XP level 10. HP: 49/64 MP: 5/13
  5949 | D:8      | Reached *** piety under Vehumet
  6687 | D:8      | Identified a scroll of acquirement
  6687 | D:8      | Acquired the +12 demon trident of Onwom {vamp, Int+5}
  6767 | D:9      | Reached skill level 1 in Polearms
  6770 | D:9      | Offered knowledge of Mephitic Cloud by Vehumet.
  6835 | D:9      | Noticed a kobold demonologist
  6836 | D:9      | Noticed an orange demon
  6856 | D:9      | Noticed a sun demon
  6858 | D:9      | Killed a kobold demonologist
  6859 | D:9      | Reached skill level 2 in Polearms
  6983 | D:9      | Found a sacrificial altar of Ru.
  7039 | D:9      | Identified the +3 short sword of Dung {flame, Int+7}
  7114 | D:9      | Noticed a two-headed ogre
  7120 | D:9      | Killed a two-headed ogre
  7121 | D:9      | Reached skill level 4 in Polearms
  7252 | D:9      | Reached skill level 5 in Polearms
  7262 | D:9      | Reached **** piety under Vehumet
  7318 | D:9      | Offered knowledge of Iskenderun's Mystic Blast by Vehumet.
  7460 | D:9      | Found a staircase to the Orcish Mines.
  7554 | D:9      | Found a sparkling altar of Nemelex Xobeh.
  7604 | D:9      | Reached skill level 6 in Polearms
  7828 | D:9      | Reached skill level 7 in Polearms
  7828 | D:9      | Reached XP level 11. HP: 69/69 MP: 3/14
  8082 | D:10     | Entered Level 10 of the Dungeon
  8140 | D:10     | Found a flagged portal.
  8149 | Bailey   | Entered a bailey
  8601 | Bailey   | Reached skill level 8 in Polearms
  8980 | Bailey   | Reached ***** piety under Vehumet
  9019 | Bailey   | Offered knowledge of Eringya's Noxious Bog by Vehumet.
  9203 | D:10     | Reached skill level 9 in Polearms
  9531 | D:10     | Found an iron altar of Okawaru.
 10078 | D:11     | Reached skill level 10 in Polearms
 10498 | D:11     | Found a staircase to the Lair.
 10704 | D:11     | Found a white marble altar of Elyvilon.
 10936 | D:11     | Reached skill level 11 in Polearms
 10983 | D:11     | Noticed a two-headed ogre
 10989 | D:11     | Killed a two-headed ogre
 10990 | D:11     | Reached XP level 12. HP: 61/75 MP: 1/15
 11729 | Lair:1   | Entered Level 1 of the Lair of Beasts
 11984 | D:11     | Reached skill level 12 in Polearms
 12287 | Lair:1   | Found a bloodstained altar of Trog.
 12456 | Lair:1   | Noticed Joseph
 12466 | Lair:1   | Killed Joseph
 12702 | Lair:1   | Reached skill level 13 in Polearms
 12953 | Lair:1   | Noticed an ice dragon
 12970 | Lair:1   | Slain by a polar bear

Illustrated notes

Levels and vault maps discovered:
D:1:      dpeg_arrival_ternary, layout_loops_ring
D:2:      layout_basic, serial_corexii_hall, corexii_hall_statues_l,
          chequers_hall_statues_wall_a, corexii_hall_statues_t, basic_altar,
          nicolae_titane
D:3:      layout_rooms, basic_ecumenical_altar, minmay_pentangle
D:4:      layout_loops_cross, mainiacjoe_overflow_catwalk_spiral
D:5:      layout_loops_ring, mainiacjoe_overflow_paths,
          mainiacjoe_overflow_catch_the_wave, minmay_temple_entry_butterflies
D:7:      layout_layer_cave, uniq_crazy_yiuf_cottage
D:8:      layout_basic
D:9:      minmay_octagon_keep, layout_basic, mainiacjoe_overflow_swirl,
          hiddenorc1_lemuel
D:10:     layout_gridville, okawaru_altar_gauntlet_db, enter_bailey_1
D:11:     layout_roguey [special_room_orc], david_lair_generic, serial_undead,
          serial_undead_c, serial_undead_b, serial_undead_c, serial_undead_c,
          minivault_16, nicolae_elyvilon_peaceful_grove
Lair:1:   dreamdust_isle_of_ice, layout_loops_ring, basic_altar,
          hangedman_lair_generics_rect, uniq_joseph

Skill      XL: |  1  2  3  4  5  6  7  8  9 10 11 12 |
---------------+-------------------------------------+-----
Earth Magic    | 4 5 6 7 9 10 | 10.0
Fighting       | 1 2 3 4 5 7 8 |  8.9
Alchemy        | 3 5 |  5.0
Shields        | 5 |  5.4
Maces & Flails | 2 3 |  3.9
Polearms       | 7 11 13 | 13.1
Dodging        | |  1.5
Stealth        | |  2.1
Spellcasting   | |  2.0
Conjurations   | |  1.1

Action                     |  1- 3 |  4- 6 |  7- 9 | 10-12 || total
---------------------------+-------+-------+-------+-------++-------
  Melee: Flail             |       |       |    29 |     4 ||    33
         Demon trident     |       |       |       |   196 ||   196
  Throw: Boomerang         |       |     1 |     1 |       ||     2
         Stone             |       |       |       |     1 ||     1
   Cast: Sandblast         |    49 |    71 |   106 |   210 ||   436
         Stone Arrow       |       |       |     3 |   106 ||   109
         Leda's Liquefacti |       |       |     2 |     2 ||     4
  Evoke: Wand              |       |       |     1 |     1 ||     2
         Lightning rod     |       |       |       |     4 ||     4
    Use: Scroll            |     6 |     5 |     1 |    15 ||    27
         Potion            |       |       |     2 |     2 ||     4
 Armour: Robe              |     7 |       |       |       ||     7
         Leather armour    |       |    25 |   132 |    87 ||   244
         Acid dragon scale |       |       |       |   163 ||   163
  Dodge: Dodged            |     5 |    18 |    66 |   134 ||   223
  Block: Other             |       |     6 |    18 |       ||    24
         Reflection        |       |       |     1 |     9 ||    10
         Buckler           |       |       |     9 |   154 ||   163

Table legend: (Time is in decaauts)
 A = Elapsed time spent in this place.
 B = Non-inter-level travel time spent in this place.
 C = Inter-level travel time spent in this place.
 D = Time resting spent in this place.
 E = Time spent auto-exploring this place.
 F = Levels seen in this place.
 G = Mean time per level.
                   A        B        C        D        E       F      G
               +--------+--------+--------+--------+--------+-----+--------+
         Total |  13179 |  12977 |    202 |   1600 |   9289 |  12 | 1098.2 |
       Dungeon |  11318 |  11117 |    201 |   1470 |   8058 |  10 | 1131.8 |
          Lair |    769 |    769 |      0 |      8 |    601 |   1 |  769.0 |
        Bailey |   1090 |   1090 |      0 |    122 |    630 |   1 | 1090.0 |
               +--------+--------+--------+--------+--------+-----+--------+

Top non-repeatable levels by time:
    D:11: 2052 daAuts
     D:7: 1721 daAuts
     D:9: 1420 daAuts
  Bailey: 1090 daAuts
     D:8: 1066 daAuts
     D:2: 1039 daAuts
    D:10: 1016 daAuts
     D:3: 904 daAuts
     D:1: 898 daAuts
     D:4: 858 daAuts
  Lair:1: 769 daAuts
     D:5: 343 daAuts
